 Dungeon Crawl Stone Soup version 0.21.1-1-g345015fe64 (webtiles) character file.

1663 Knicklaso the Cleaver (level 9, 0/84 HPs)
             Began as a Hill Orc Monk on Apr 23, 2018.
             Was a Priest of Beogh.
             Slain by a killer bee (1 damage)
             ... on level 7 of the Dungeon.
             The game lasted 00:15:58 (6507 turns).

Knicklaso the Cleaver (Hill Orc Monk)               Turns: 6507, Time: 00:15:59

Health: 0/84       AC:  7    Str: 17    XL:     9   Next: 1%
Magic:  11/11      EV: 10    Int: 10    God:    Beogh [***...]
Gold:   260        SH:  0    Dex: 13    Spells: 8/8 levels left

rFire    . . .     SeeInvis .   z - +0 battleaxe
rCold    . . .     Gourm    .   (shield currently unavailable)
rNeg     . . .     Faith    .   p - +0 scale mail
rPois    .         Spirit   .   g - +0 hat
rElec    .         Reflect  .   (no cloak)
rCorr    .         Harm     .   n - +0 pair of gloves
MR       .....                  (no boots)
Stlth    ..........             (no amulet)
HPRegen  0.24/turn              (no ring)
MPRegen  0.12/turn              (no ring)

@: lethally poisoned (0 -> -5), drained
A: no striking features
a: Smiting, Renounce Religion


You were on level 7 of the Dungeon.
You worshipped Beogh.
Beogh was most pleased with you.
You were near starving.

You visited 1 branch of the dungeon, and saw 7 of its levels.

You collected 260 gold pieces.

Inventory:

Hand Weapons
 l - a +0 war axe
 z - a +0 battleaxe (weapon)
Armour
 b - a +0 robe
 g - a +0 hat (worn)
 n - a +0 pair of gloves (worn)
 p - a +0 scale mail (worn)
 v - a cursed -1 leather armour
Jewellery
 y - an uncursed ring of ice {unknown}
Wands
 r - a wand of digging (11)
 A - a wand of polymorph (5)
Scrolls
 a - a scroll of enchant armour {unknown}
 f - 4 scrolls of remove curse {unknown}
 i - 8 scrolls of identify {unknown}
 q - a scroll of blinking {unknown}
 x - a scroll of immolation {unknown}
 C - a scroll of fear {unknown}
 D - a scroll of random uselessness {unknown}
 F - a scroll of enchant weapon {unknown}
Potions
 d - 2 potions of brilliance {unknown}
 e - a potion of agility {unknown}
 h - a potion of heal wounds {unknown}
 j - 2 potions of curing {unknown}
 k - a potion of mutation {unknown}
 m - 2 potions of magic {unknown}
 o - a potion of lignification {unknown}
 s - a potion of cancellation {unknown}
 t - a potion of berserk rage {unknown}
 u - a potion of degeneration {unknown}
 w - 2 potions of ambrosia {unknown}
 B - a potion of might {unknown}
Comestibles
 c - 7 rations


   Skills:
 - Level 9.6(8.5) Fighting
 + Level 10.9(9.8) Axes
 - Level 2.4(1.5) Dodging
 - Level 1.5(0.7) Stealth
 + Level 2.9(2.0) Invocations


You had 8 spell levels left.
You didn't know any spells.

Dungeon Overview and Level Annotations

Branches:
Dungeon (8/15)             Temple (0/1) D:4
   Lair: D:8-11

Altars:
Xom
Zin

Annotations:
D:4 1 runed door


Message History

You see here an arrow.
The centaur shoots an arrow.
The arrow hits you!
* * * LOW HITPOINT WARNING * * *
Found a ration.
You see here an arrow.
Okay, then.
Okay, then.
The bullfrog zombie closely misses you. The phantom barely misses you.
You hit the killer bee but do no damage.
You barely miss the phantom. You hit the bullfrog zombie.
The killer bee stings you.
* * * LOW HITPOINT WARNING * * *
The killer bee stings you.
* * * LOW HITPOINT WARNING * * *
You are lethally poisoned!
The killer bee poisons you! The phantom hits you.
* * * LOW HITPOINT WARNING * * *
The bullfrog zombie misses you. The killer bee stings you.
You die...

...c.. .. .......#
.c....# ..##.# #
#.##.## # #.
#.#...###.#
#.###cy........
#....(#yWy.#####.
###y####Z@....... .#
#.# ###y###### .#
#.# ##.<... .#
######y####.###.###
y. !.S...Sy..y.y#
... y#
############.###.###
.# ##.y.##########)#
##y.........%>.#
###############


You could see a phantom, a centaur, 4 killer bees and a bullfrog zombie.

Vanquished Creatures
  The ghost of 4damouf the Cutter, a novice TrAs of Hepliaklqana (D:8)
  Grinder (D:3)
  A sky beast (D:4)
  A scorpion (D:8)
  4 wights
  2 crimson imps (D:5)
  A bullfrog zombie (D:5)
  A hound (D:5)
  A bullfrog skeleton (D:4)
  An orc priest (D:4)
  A jelly (D:5)
  2 orc wizards (D:3)
  A gnoll shaman (D:8)
  2 iguanas
  2 worker ants
  Terence (D:3)
  A hound skeleton (D:5)
  2 gnolls (D:8)
  6 adders
  4 shadow imps
  An ooze (D:2)
  A worm (D:4)
  A dart slug (D:4)
  3 leopard geckos
  8 orcs
  4 giant cockroaches
  4 goblins
  3 hobgoblins
  4 jackals (D:5)
  5 quokkas
  A ball python (D:2)
  12 bats
  3 frilled lizards
  A jackal skeleton (D:7)
  A kobold (D:1)
  A leopard gecko skeleton (D:4)
  4 rats
93 creatures vanquished.

Vanquished Creatures (others)
  An orc priest (D:4)
  An orc wizard (D:4)
  A worker ant (D:4)
  An ooze (D:4)
  3 orcs (D:4)
  A goblin (D:4)
  A leopard gecko skeleton (D:4)
9 creatures vanquished.

Grand Total: 102 creatures vanquished

Notes
Turn   | Place    | Note
-------+----------+-------------------------------------------
     0 | D:1      | Knicklaso the Hill Orc Monk began the quest for the Orb.
     0 | D:1      | Reached XP level 1. HP: 19/19 MP: 1/1
   595 | D:1      | Reached XP level 2. HP: 21/27 MP: 2/2
  1232 | D:1      | Reached XP level 3. HP: 26/34 MP: 3/3
  1693 | D:2      | Reached skill level 5 in Axes
  2375 | D:3      | Noticed Terence
  2389 | D:3      | Killed Terence
  2389 | D:3      | Reached skill level 5 in Fighting
  2389 | D:3      | Reached XP level 4. HP: 24/42 MP: 4/4
  2578 | D:3      | Found a shimmering altar of Xom.
  2580 | D:3      | Found a shimmering altar of Xom.
  2581 | D:3      | Found a shimmering altar of Xom.
  2581 | D:3      | Found a shimmering altar of Xom.
  2589 | D:3      | Found a shimmering altar of Xom.
  2627 | D:3      | Noticed Grinder
  2783 | D:3      | You fall through a shaft for 2 floors!
  2783 | D:5      | Entered Level 5 of the Dungeon
  2784 | D:5      | Found a glowing silver altar of Zin.
  2789 | D:4      | Became a worshipper of Beogh the Brigand
  2789 | D:4      | Reached * piety under Beogh
  2789 | D:4      | Reached ** piety under Beogh
  2883 | D:4      | Found a staircase to the Ecumenical Temple.
  3045 | D:4      | Reached skill level 6 in Axes
  3045 | D:4      | Reached XP level 5. HP: 41/48 MP: 5/5
  3416 | D:4      | Found a runed door.
  3747 | D:3      | Killed Grinder
  3747 | D:3      | Reached skill level 7 in Axes
  3747 | D:3      | Reached XP level 6. HP: 20/58 MP: 6/6
  4145 | D:5      | Noticed a sky beast
  4348 | D:4      | Killed a sky beast
  4348 | D:4      | Reached skill level 8 in Axes
  4348 | D:4      | Reached XP level 7. HP: 51/66 MP: 7/7
  4931 | D:5      | You fall through a shaft for 3 floors!
  5280 | D:7      | Reached skill level 9 in Axes
  5317 | D:7      | HP: 2/68 [ogre/giant club (28)]
  5678 | D:8      | Reached XP level 8. HP: 74/74 MP: 8/8
  5684 | D:8      | Noticed 4damouf's ghost (novice TrAs)
  5724 | D:8      | Killed 4damouf's ghost
  5724 | D:8      | Reached skill level 10 in Axes
  6167 | D:8      | Reached skill level 1 in Invocations
  6171 | D:8      | Reached *** piety under Beogh
  6477 | D:7      | Reached XP level 9. HP: 21/84 MP: 9/11
  6507 | D:7      | HP: 2/84 [killer bee (6)]
  6507 | D:7      | Slain by a killer bee

Skill      XL: |  1  2  3  4  5  6  7  8 |
---------------+-------------------------+-----
Fighting       | 4 5 6 7 8 9 |  9.6
Axes           | 5 6 7 8 9 10 | 10.9
Invocations    | 2 |  2.9
Dodging        | |  2.4
Stealth        | |  1.5

Action                   |  1- 3 |  4- 6 |  7- 9 || total
-------------------------+-------+-------+-------++-------
Melee: Hand axe          |    54 |       |       ||    54
       War axe           |    76 |   105 |    17 ||   198
       Battleaxe         |       |       |   123 ||   123
Invok: Convert to Beogh  |       |     1 |       ||     1
 Stab: Sleeping          |     3 |       |       ||     3
       Confused          |       |     1 |       ||     1
  Eat: Chunk             |     4 |     4 |     5 ||    13
       Ration            |       |     1 |       ||     1
Armor: Robe              |    47 |     2 |       ||    49
       Scale mail        |       |    47 |    54 ||   101
Dodge: Dodged            |   127 |    62 |    79 ||   268
